 Dungeon Crawl Stone Soup version 0.28.0-1-gb440e238dd (webtiles) character file.

Game seed: 17872619936081262734

4533 Peloso the Carver (level 10, 0/88 HPs)
             Began as a Minotaur Fighter on Feb 23, 2022.
             Was an Elder of Okawaru.
             Killed from afar by an electric eel (6 damage)
             ... with a bolt of electricity
             ... on level 9 of the Dungeon.
             The game lasted 00:13:17 (8750 turns).

Peloso the Carver (Minotaur Fighter)                Turns: 8750, Time: 00:13:19

Health: 0/88       AC: 17    Str: 23    XL:     10   Next: 17%
Magic:  9/9        EV:  5    Int:  5    God:    Okawaru [****..]
Gold:   569        SH: 14    Dex: 12    Spells: 9/9 levels left

rFire   . . .      SeeInvis .   a - +1 scimitar
rCold   . . .      Faith    .   c - +0 tower shield
rNeg    . . .      Spirit   .   A - +0 plate armour
rPois   .          Reflect  .   (helmet restricted)
rElec   .          Harm     .   m - +0 cloak
rCorr   .          Rampage  .   t - +0 pair of gloves
Will    .....                   (no boots)
Stlth   ..........              (no amulet)
HPRegen 0.24/turn               (no ring)
MPRegen 0.11/turn               (no ring)

@: very slow
A: horns 2, retaliatory headbutt
a: Renounce Religion, Heroism, Finesse


You were on level 9 of the Dungeon.
You worshipped Okawaru.
Okawaru was greatly pleased with you.
You visited 2 branches of the dungeon, and saw 10 of its levels.

You collected 569 gold pieces.

Inventory:

Hand Weapons
 a - a +1 scimitar (weapon)
Armour
 b - a +0 scale mail
 c - a +0 tower shield (worn)
 m - a +0 cloak (worn)
 t - a +0 pair of gloves (worn)
 A - a +0 plate armour (worn)
Jewellery
 i - a ring of ice
 E - a ring of wizardry
Wands
 l - a wand of mindburst (33)
 o - a wand of paralysis (12)
 r - a wand of flame (20)
Scrolls
 e - 3 scrolls of enchant armour {unknown}
 h - 3 scrolls of teleportation {unknown}
 k - a scroll of summoning
 p - 2 scrolls of enchant weapon {unknown}
 w - 2 scrolls of acquirement {unknown}
Potions
 d - a potion of might
 g - a potion of curing
 n - 2 potions of brilliance
 q - 2 potions of mutation {unknown}
 s - a potion of haste
 u - a potion of ambrosia
 v - a potion of resistance {unknown}
 x - a potion of berserk rage {unknown}
 B - 2 potions of invisibility {unknown}
 C - a potion of magic {unknown}
 D - a potion of degeneration {unknown}


   Skills:
 + Level 7.8 Fighting
 + Level 11.4 Long Blades
 + Level 9.3 Armour
 + Level 3.6 Dodging
 + Level 1.4 Stealth
 + Level 7.8 Shields
 + Level 0.5 Invocations


You had 9 spell levels left.
You didn't know any spells.
Your spell library contained the following spells:

 Spells                   Type           Power      Damage    Failure   Level
 Lesser Beckoning         Tloc           0%         N/A       100%        3
 Iskenderun's Battlesphe  Conj           0%         2d6       100%        5
 Iron Shot                Conj/Erth      0%         9d1       100%        6
 Death's Door             Necr           0%         N/A       100%        9
 Spellforged Servitor     Conj/Summ      Unusable   N/A       N/A         7
 Infestation              Necr           Unusable   N/A       N/A         8

Dungeon Overview and Level Annotations

Branches:
Dungeon (9/15)             Temple (1/1) D:4            Lair (0/6) D:9
    Orc: D:9-12

Altars:
Ashenzari
Cheibriados
Dithmenos
Elyvilon
Fedhas
Gozag
Hepliaklqana
Kikubaaqudgha
Makhleb
Okawaru
Qazlal
Ru
Sif Muna
Uskayaw
Vehumet
Wu Jian
Xom
Yredelemnul
Zin
The Shining One


Innate Abilities, Weirdness & Mutations

You have a pair of horns on your head.
You reflexively headbutt those who attack you in melee.


Message History

You can't see that place. [some shallow water.]
Okay, then.
Unknown command.
Okawaru accepts your kill.
You feel a bit more experienced.
The plant is engulfed in a cloud of scalding steam.
The plant begins to die.
You enter the shallow water.
Moving in this stuff is going to be slow.
An electric eel comes into view.
A nearby plant withers and dies.
The electric eel shoots out a bolt of lightning at you!
The bolt of electricity hits the plant!
The plant begins to die.
The bolt of electricity hits you!
* * * LOW HITPOINT WARNING * * *
Aiming: Throw Flame
Press: ? - help, Shift-Dir - straight line, f - electric eel
Aim: an electric eel (almost dead, 48% to hit)
Your line of fire to the electric eel is blocked by a plant.
Continue anyway?
Okay, then.
You feel better.
Unknown command.
Aiming: Throw Flame
Press: ? - help, Shift-Dir - straight line, f/p - electric eel
Aim: an electric eel (almost dead, 48% to hit)
Your line of fire to the electric eel is blocked by a plant.
Continue anyway?
Okay, then.
You feel better.
The electric eel shoots out a bolt of lightning at you!
The bolt of electricity hits the plant!
The bolt of electricity hits you.
* * * LOW HITPOINT WARNING * * *
You enter the shallow water.
Moving in this stuff is going to be slow.
The electric eel shoots out a bolt of lightning at you!
The bolt of electricity hits you!
* * * LOW HITPOINT WARNING * * *
The electric eel shoots out a bolt of lightning at you!
The bolt of electricity hits you.
You die...

,,,,,,,***,,,,,,,,,,***,,**,,,,,≈
,,,,,,,* *,,,,*♣.♣*,+,,,***,,,,≈≈
,,,,,,,* *,,,,*♣≈≈*,*******,,,,≈≈
,,,,,,,* ******♣≈♣*** *,,,,,,,,≈≈
,,,,,,,* ♣≈♣ *,**,,,,≈≈≈ ,,,,,,,*
***♣♣♣≈♣♣♣♣ *,**,,,,≈≈≈
***,*****#♣P♣♣≈≈≈.♣P♣♣♣.**,,,,***
**,,*****..≈..≈≈≈≈≈S≈≈..***,,,*
,,,,,,,,,,***,♣≈@≈P♣≈≈≈** *****##
,,,,,,,,*** **♣♣.≈♣♣♣♣** *,..(
,,,,,,,,* **,♣♣.♣♣..♣ ###....
,,,,,,,,****,,♣P≈♣♣♣.# ##......
,,,,,,,,*,,+,,♣≈.P♣..#####..#....
,,,,,,,,+,*#..♣P.♣♣..'.....##,...
,,,,,,,,***#.......)>#######*,,..
,,,,,,,,* ########)######***,,,.
********* #####.).......,,**,*


You could see an electric eel.

Vanquished Creatures
  2 two-headed ogres
  A centaur zombie (D:6)
  Sigmund (D:5)
  A shadow (D:8)
  A steam dragon (D:8)
  2 water moccasins
  2 orc warriors (D:6)
  A black bear (D:6)
  An ice beast (D:5)
  A necrophage (D:7)
  An ogre (D:6)
  2 centaurs
  A phantom (D:5)
  A kobold brigand (D:8)
  3 bullfrogs
  A gnoll sergeant (D:9)
  2 scorpions
  2 water moccasin skeletons
  3 electric eels (D:9)
  3 wights (D:6)
  A bullfrog zombie (D:5)
  2 hounds
  4 jellies
  3 orc priests
  A bullfrog skeleton (D:6)
  3 iguanas
  Natasha (thrice) (D:3)
  Ijyb (D:4)
  3 orc wizards
  A killer bee zombie (D:7)
  A howler monkey zombie (D:8)
  4 adders
  11 gnolls
  2 white imps
  An adder skeleton (D:4)
  A worm (D:2)
  4 dart slugs
  16 orcs
  5 endoplasms
  3 giant cockroaches
  10 hobgoblins
  6 jackals (D:1)
  11 kobolds
  4 quokkas
  13 ball pythons
  6 bats
  4 frilled lizards
  5 goblins
  6 rats
  A butterfly (D:5)
168 creatures vanquished.

Vanquished Creatures (others)
  12 plants (D:9)
12 creatures vanquished.

Grand Total: 180 creatures vanquished

Notes
Turn   | Place    | Note
-------+----------+-------------------------------------------
     0 | D:1      | Peloso the Minotaur Fighter began the quest for the Orb.
     0 | D:1      | Reached XP level 1. HP: 19/19 MP: 0/0
    33 | D:1      | Reached XP level 2. HP: 19/27 MP: 1/1
   708 | D:1      | Reached XP level 3. HP: 29/33 MP: 2/2
   830 | D:1      | Found a faded altar of an unknown god.
  1146 | D:2      | Reached skill level 3 in Long Blades
  1458 | D:3      | Reached XP level 4. HP: 36/40 MP: 3/3
  1552 | D:3      | Noticed Natasha
  1562 | D:3      | Killed Natasha
  1641 | D:3      | Reached skill level 4 in Long Blades
  1651 | D:3      | Noticed Natasha
  1657 | D:3      | Noticed Ijyb
  1871 | D:4      | Reached skill level 1 in Dodging
  1906 | D:4      | Killed Ijyb
  1907 | D:4      | Reached XP level 5. HP: 15/47 MP: 4/4
  2125 | D:3      | Killed Natasha
  2266 | D:3      | Noticed Natasha
  2270 | D:3      | Killed Natasha
  2329 | D:3      | Found a broken altar of Ashenzari.
  2608 | D:4      | Found a staircase to the Ecumenical Temple.
  2621 | Temple   | Entered the Ecumenical Temple
  2634 | Temple   | Became a worshipper of Warmaster Okawaru
  2663 | D:4      | Reached skill level 5 in Long Blades
  2766 | D:4      | Noticed a water moccasin
  2776 | D:4      | Killed a water moccasin
  2777 | D:4      | Reached skill level 5 in Armour
  2777 | D:4      | Reached XP level 6. HP: 9/55 MP: 5/5
  3199 | D:4      | Reached skill level 5 in Fighting
  3648 | D:4      | Reached XP level 7. HP: 57/61 MP: 6/6
  3654 | D:4      | Reached skill level 6 in Long Blades
  3889 | D:4      | Found a white marble altar of Elyvilon.
  4008 | D:5      | Entered Level 5 of the Dungeon
  4013 | D:5      | Noticed Sigmund
  4662 | D:5      | Killed Sigmund
  4662 | D:5      | Reached * piety under Okawaru
  4921 | D:5      | Reached skill level 1 in Stealth
  5062 | D:5      | Reached skill level 7 in Long Blades
  5062 | D:5      | Reached skill level 5 in Shields
  5062 | D:5      | Reached XP level 8. HP: 64/70 MP: 7/7
  5478 | D:5      | Found a shimmering altar of Xom.
  5684 | D:6      | Reached ** piety under Okawaru
  5712 | D:6      | Reached skill level 8 in Long Blades
  6148 | D:6      | Got the Compendium of Black Magic and Orientation
  6214 | D:6      | Reached XP level 9. HP: 57/77 MP: 8/8
  6333 | D:6      | Found a hide-covered altar of Uskayaw.
  6438 | D:6      | Found a radiant altar of Vehumet.
  6459 | D:6      | Reached skill level 9 in Long Blades
  6742 | D:6      | Reached *** piety under Okawaru
  7468 | D:8      | Noticed a two-headed ogre
  7476 | D:8      | Killed a two-headed ogre
  7477 | D:8      | Reached skill level 10 in Long Blades
  7891 | D:8      | Reached skill level 11 in Long Blades
  8622 | D:9      | Noticed a two-headed ogre
  8628 | D:9      | Killed a two-headed ogre
  8628 | D:9      | Reached **** piety under Okawaru
  8629 | D:9      | Reached XP level 10. HP: 58/88 MP: 6/9
  8747 | D:9      | HP: 4/88 [electric eel/bolt of electricity (8)]
  8750 | D:9      | Killed from afar by an electric eel

Illustrated notes

Levels and vault maps discovered:
D:1:      dpeg_arrival_tiny_b, layout_basic,
          shapermc_ecumenical_altar_mp_highgroup, minmay_tripent
D:2:      minmay_recursive_quarters, layout_rooms
D:3:      layout_rooms, ashenzari_altar_1, uniq_ijyb, uniq_natasha
D:4:      layout_basic, mainiacjoe_overflow_alcove_2,
          minmay_temple_entry_drinking_statues, dk_noncrumbling_2,
          kennysheep_generic_room_13
D:5:      layout_basic, xom_butterflies, grunt_decor_junction, uniq_sigmund
D:6:      layout_basic, lemuel_tele_altar, nicolae_vehumet_altar_sigil
D:7:      layout_loops_ring
D:8:      layout_cave_pods
D:9:      layout_roguey, nemelex_altar_shiori, dpeg_lair_monsters, serial_bayou,
          serial_bayou_ford_a, serial_bayou_crossing, serial_bayou_lake_a,
          serial_bayou_pond_e, serial_bayou_shore_a, serial_bayou_shore_b,
          enter_bailey_2, abandoned_shop, nicolae_shop_fire_sale
          [nicolae_sub_dead_trees], the_hattery
Temple:   nicolae_temple_no_exploring_needed

Skill      XL: |  1  2  3  4  5  6  7  8  9 |
---------------+----------------------------+-----
Armour         | 4 5 6 8 9 |  9.3
Fighting       | 4 5 6 7 |  7.8
Shields        | 4 5 6 7 |  7.8
Long Blades    | 3 4 5 7 8 11 | 11.4
Dodging        | 1 2 3 |  3.6
Stealth        | 1 |  1.4
Invocations    | |  0.5

Action                   |  1- 3 |  4- 6 |  7- 9 | 10-12 || total
-------------------------+-------+-------+-------+-------++-------
Melee: Long sword        |   116 |    97 |   130 |       ||   343
       Headbutt          |    11 |    17 |    38 |     6 ||    72
       Scimitar          |       |       |   127 |    18 ||   145
Invok: Heroism           |       |       |     3 |     2 ||     5
Evoke: Wand              |       |       |       |     4 ||     4
  Use: Scroll            |       |       |     5 |     1 ||     6
       Potion            |       |       |       |     6 ||     6
Armor: Scale mail        |    55 |    40 |    54 |       ||   149
       Plate armour      |       |       |    93 |    14 ||   107
Dodge: Dodged            |    65 |    58 |    56 |     9 ||   188
Block: Buckler           |    30 |    22 |     8 |       ||    60
       Tower shield      |       |       |   163 |    28 ||   191
